 Dungeon Crawl Stone Soup version 0.31-a0-233-g139696dc86 (webtiles) character file.

Game seed: 13708196911510781983

71 qw the Shooter (level 4, -4/36 HPs)
             Began as a Minotaur Hexslinger on July 8, 2023.
             Killed by nerve-wracking pain
             ... invoked by Grinder
              (10 damage)
             ... while paralysed by Grinder
             ... on level 3 of the Dungeon.
             The game lasted 00:00:48 (2518 turns).

qw the Shooter (Minotaur Hexslinger)                Turns: 2518, Time: 00:00:49

Health: -4/36      AC:  5    Str: 13    XL:     4   Next: 5%
Magic:  4/4        EV:  2    Int: 10    God:
Gold:   164        SH:  0    Dex: 14    Spells: 4/5 levels left

rFire   . . .        Y - +1 sling
rCold   . . .        (no shield)
rNeg    . . .        f - +0 ring mail
rPois   +            (helmet restricted)
rElec   .            (no cloak)
rCorr   +            (no gloves)
SInv    .            (no boots)
Will    .....        (no amulet)
Stlth   +            e - ring of resist corrosion
HPRegen 0.26/turn    g - ring of poison resistance
MPRegen 0.09/turn

%: no passive effects
@: paralysed
A: horns 2, retaliatory headbutt
a: no special abilities


You were on level 3 of the Dungeon.
You visited 1 branch of the dungeon, and saw 4 of its levels.

You collected 164 gold pieces.


Innate Abilities, Weirdness & Mutations

You have a pair of horns on your head.
You reflexively headbutt those who attack you in melee.


   Skills:
 - Level 2.0 Fighting
 + Level 4.2 Ranged Weapons
 - Level 1.3 Armour
 - Level 2.1 Dodging
 - Level 1.0 Spellcasting
 - Level 2.0 Hexes


You had 4 spell levels left.
You knew the following spells:

 Your Spells              Type           Power      Damage    Failure   Level
a - Slow                  Hex            16%        N/A       32%         1

Your spell library contained the following spells:

 Spells                   Type           Power      Damage    Failure   Level
 Inner Flame              Hex/Fire       2%         N/A       82%         3
 Portal Projectile        Hex/Tloc       4%         N/A       82%         3
 Cause Fear               Hex            2%         N/A       97%         4

Inventory:

Hand Weapons
 Y - a +1 sling (weapon)
Armour
 f - a +0 ring mail (worn)
Jewellery
 e - a ring of resist corrosion (left hand)
 g - a ring of poison resistance (right hand)
Potions
 b - a potion of lignification {unknown}
 d - a potion of heal wounds

Dungeon Overview and Level Annotations

Branches:
Dungeon (4/15)
 Temple: D:4-7

Altars:
Hepliaklqana

Annotations:
D:3 Grinder


Message History

Grinder closely misses you. Grinder gestures at you.
Pain shoots through your body!
You shoot a sling bullet. The sling bullet barely misses Grinder.
Grinder hits you but does no damage.
You shoot a sling bullet.
The sling bullet closely misses Grinder.
Grinder barely misses you. You furiously retaliate!
You headbutt Grinder. You shoot a sling bullet. The sling bullet hits Grinder.
Grinder is severely wounded.
Grinder hits you. Grinder barely misses you.
You shoot a sling bullet.
The sling bullet hits Grinder but does no damage.
Grinder is severely wounded.
Grinder barely misses you. You furiously retaliate!
You headbutt Grinder. You shoot a sling bullet.
The sling bullet closely misses Grinder.
Grinder hits you!
You writhe in agony.
You shoot a sling bullet.
The sling bullet closely misses Grinder.
Grinder barely misses you.
You shoot a sling bullet.
The sling bullet hits Grinder but does no damage.
Grinder is almost dead.
Grinder blinks!
You start resting.
Grinder is nearby!
You shoot a sling bullet. The sling bullet hits Grinder.
Grinder is almost dead.
Grinder gestures at you.
You suddenly lose the ability to move!
Grinder gestures at you.
You shrug off the repeated paralysis!
Grinder gestures at you. Pain shoots through your body!
Grinder gestures at you.
You barely resist. Grinder gestures at you. Pain shoots through your body!
You die...

#..# ######....###'## # ##.#
#........#.....# #######'######
#........#.....#
.............#####........#.....#
b............'...#........####'##
.............###.#........# #.##
.............# #.#........# #.##
################.'5.......# #.##
'...............@#........# #.##
##################........####.##
# #..........................##
#.########################### #.#
# #.# # #.# # #.# # #.# #


You could see Grinder.

Vanquished Creatures
  An adder (D:3)
  3 dart slugs
  2 orcs (D:3)
  3 ball pythons (D:1)
  11 bats
  2 endoplasms
  9 hobgoblins
  3 quokkas
  5 frilled lizards
  4 goblins
  3 kobolds
  5 rats
  A butterfly (D:1)
52 creatures vanquished.

Notes
Turn   | Place    | Note
-------+----------+-------------------------------------------
     0 | D:1      | qw the Minotaur Hexslinger began the quest for the Orb.
     0 | D:1      | Reached XP level 1. HP: 16/16 MP: 1/1
     0 | D:1      | 0 ||| qw: Version: 0.3-a-46-gb1f654a
     0 | D:1      | 0 ||| qw: Game counter: 3569
     0 | D:1      | 0 ||| qw: Melee chars always use a shield: true
     0 | D:1      | 0 ||| qw: God list: Okawaru
     0 | D:1      | 0 ||| qw: Allow faded altars: false
     0 | D:1      | 0 ||| qw: Do Orc after clearing Dungeon:15 true
     0 | D:1      | 0 ||| qw: Do second Lair branch before Depths: true
     0 | D:1      | 0 ||| qw: Lair rune preference: random
     0 | D:1      | 0 ||| qw: Goals: Normal
     0 | D:1      | 0 ||| PLANNING D:1-11
    59 | D:1      | Reached skill level 3 in Ranged Weapons
    60 | D:1      | Reached XP level 2. HP: 23/23 MP: 2/2
   601 | D:1      | Reached XP level 3. HP: 29/29 MP: 3/3
   669 | D:1      | 669 ||| UPGRADING to +0 ring mail.
   679 | D:1      | 679 ||| DROPPING +0 robe.
   680 | D:1      | 680 ||| UPGRADING to ring of resist corrosion.
   681 | D:1      | 681 ||| UPGRADING to ring of poison resistance.
   682 | D:1      | 682 ||| READING scroll labelled DOSMENKA BUFUV.
   783 | D:1      | 783 ||| DROPPING scroll of poison.
  1060 | D:2      | Reached skill level 4 in Ranged Weapons
  1364 | D:2      | Identified the +1 plate armour of the Lychee {Str+2}
  1465 | D:2      | 1465 ||| READING scroll labelled BOZUIM OSABB.
  1581 | D:3      | Reached skill level 1 in Armour
  1889 | D:3      | Reached XP level 4. HP: 36/36 MP: 4/4
  2424 | D:3      | Found a faded altar of an unknown god.
  2426 | D:3      | Found a hazy altar of Hepliaklqana.
  2426 | D:3      | Found a faded altar of an unknown god.
  2430 | D:3      | 2430 ||| DROPPING ring of magical power.
  2431 | D:3      | 2431 ||| READING scroll labelled PEME SEYNWEE.
  2432 | D:3      | 2432 ||| DRINKING 2 metallic puce potions.
  2465 | D:4      | Noticed Grinder
  2466 | D:4      | 2466 ||| PLANNING SEWER
  2473 | D:4      | 2473 ||| STAIRDANCE
  2500 | D:4      | 2500 ||| STAIRDANCE
  2514 | D:3      | Paralysed by Grinder for 5 turns
  2516 | D:3      | HP: 5/36 [Grinder/nerve-wracking pain (13)]
  2518 | D:3      | Killed from afar by Grinder

Levels and vault maps discovered:
D:1:      spicycebolla_arrival_clurvy, layout_loops_cross,
          chequers_serial_rivers_micro_c, minmay_misc_feat_iff
D:2:      layout_basic
D:3:      layout_basic, nicolae_hepliaklqana_ecumenical_no_more
D:4:      layout_gridville, mainiacjoe_overflow_large_starburst,
          cheibrodos_sewer_entry_drain, uniq_eustachio, uniq_edmund,
          uniq_duvessa, uniq_crazy_yiuf_cottage, uniq_grinder

Skill      XL: |  1  2  3 |
---------------+----------+-----
Ranged Weapons | 3 4 |  4.2
Fighting       | 2 |  2.0
Armour         | 1 |  1.3
Dodging        | |  2.1
Spellcasting   | |  1.0
Hexes          | |  2.0

Action                     |  1- 3 |  4- 6 || total
---------------------------+-------+-------++-------
   Fire: Sling             |   141 |    24 ||   165
    Use: Scroll            |     2 |     1 ||     3
         Potion            |       |     1 ||     1
 Armour: Robe              |     3 |       ||     3
         Ring mail         |     7 |     3 ||    10
  Dodge: Dodged            |    31 |    12 ||    43

Table legend:
 A = Non-vault XP
 B = Vault XP
 C = Vault XP percentage of total XP
 D = Non-vault monster count
 E = Vault monster count
 F = Vault count percentage of total count
                 A         B        C        D         E       F
            +---------+---------+-------+---------+---------+-------
      Total |     102 |       0 |   0.0 |      51 |       0 |   0.0
            +---------+---------+-------+---------+---------+-------
        D:1 |      47 |       0 |   0.0 |      26 |       0 |   0.0
        D:2 |      19 |       0 |   0.0 |      12 |       0 |   0.0
        D:3 |      36 |       0 |   0.0 |      13 |       0 |   0.0
            +---------+---------+-------+---------+---------+-------
